[ AOE2 MATCH · #477190139 ]
UnrankedByzantines vs Bengalis
[ REPLAY ANALYSIS · EXTRACTED FROM THE RECORDED GAME ]
Feudal
10:40
Castle
25:35
Imperial
—
| APM avg | 23.5 |
| APM peak | 47 |
| eAPM avg | 14.8 |
| Villagers / military | 81 / 114 |
Focus
⚔️ 33.8% · 🌾 66.2%
Spearman ×62 · Archer ×15 · Camel Scout ×12 · Monk ×11 · Battering Ram ×7 · Skirmisher ×5
Feudal
9:57
Castle
26:11
Imperial
44:04
| APM avg | 51.3 |
| APM peak | 80 |
| eAPM avg | 25.1 |
| Villagers / military | 141 / 173 |
Focus
⚔️ 42.3% · 🌾 57.7%
Jaguar Warrior ×128 · Archer ×38 · Spearman ×4 · Mangonel ×2 · Battering Ram ×1
Feudal
10:24
Castle
20:03
Imperial
38:16
| APM avg | 39.2 |
| APM peak | 88 |
| eAPM avg | 16.8 |
| Villagers / military | 116 / 62 |
Focus
⚔️ 26.9% · 🌾 73.1%
Battle Elephant ×32 · Scout Cavalry ×11 · Elephant Archer ×7 · Trebuchet (Packed) ×4 · Militia ×3 · Armored Elephant ×3
Feudal
10:03
Castle
26:27
Imperial
45:00
| APM avg | 44.4 |
| APM peak | 74 |
| eAPM avg | 21.6 |
| Villagers / military | 112 / 114 |
Focus
⚔️ 38.5% · 🌾 61.5%
Eagle Scout ×56 · Plumed Archer ×52 · Spearman ×6
Feudal
10:25
Castle
31:31
Imperial
—
| APM avg | 49.5 |
| APM peak | 98 |
| eAPM avg | 19.9 |
| Villagers / military | 92 / 160 |
Focus
⚔️ 51.0% · 🌾 49.0%
Militia ×84 · Skirmisher ×61 · Scout Cavalry ×8 · Composite Bowman ×7
Feudal
10:57
Castle
16:00
Imperial
—
| APM avg | 35.5 |
| APM peak | 75 |
| eAPM avg | 17.8 |
| Villagers / military | 109 / 157 |
Focus
⚔️ 44.5% · 🌾 55.5%
Militia ×104 · Spearman ×35 · Battering Ram ×11 · Centurion ×7
Feudal
10:07
Castle
24:06
Imperial
—
| APM avg | 46.0 |
| APM peak | 79 |
| eAPM avg | 21.9 |
| Villagers / military | 115 / 148 |
Focus
⚔️ 41.3% · 🌾 58.7%
Knight ×72 · Organ Gun ×52 · Archer ×13 · Scorpion ×6 · Skirmisher ×5
Feudal
11:32
Castle
33:20
Imperial
—
| APM avg | 25.7 |
| APM peak | 76 |
| eAPM avg | 16.5 |
| Villagers / military | 106 / 80 |
Focus
⚔️ 34.3% · 🌾 65.7%
Skirmisher ×47 · Archer ×25 · Militia ×8
Match map
Initial resources + every placement click. Lines = walls · curves = elevation contours. ◆ gold · ⬟ stone · ● berries · ✦ relic · ◌ wall gap
Your base· Open — 4t gap
Rammanuyan's base· Open — unwalled flank
sintopares's base· Open — unwalled flank
Sirwilliam's base· Open — 1t gap
K-TO's base· ✓ Closed at 31:31 · 54t walls · 2 gate(s)
sT_LaCulebra.'s base· ✓ Closed at 16:00 · 62t walls · no gate
JAOK1987's base· ✓ Closed at 24:06 · 39t walls · 1 gate(s)
sT_K'cifer!'s base· Open — 8t gap
Smoothed initial terrain · ◌ = detected wall gap · hover for details
Inputs per minute
— Sr. Manco - - Rammanuyan
Build order — Sr. Manco
First 150 of 300 actions detected
| 0:01 | Create | Villager (Male) |
| 0:01 | Create | Villager (Male) |
| 0:02 | Create | Villager (Male) |
| 0:02 | Create | Villager (Male) |
| 0:02 | Create | Villager (Male) |
| 0:04 | Build | House |
| 0:06 | Build | House |
| 1:33 | Create | Villager (Male) |
| 1:47 | Build | Lumber Camp |
| 2:03 | Create | Villager (Male) |
| 2:21 | Create | Villager (Male) |
| 2:52 | Create | Villager (Male) |
| 3:14 | Create | Villager (Male) |
| 3:45 | Create | Villager (Male) |
| 3:59 | Build | House |
| 4:02 | Build | House |
| 4:08 | Create | Villager (Male) |
| 4:36 | Create | Villager (Male) |
| 4:43 | Build | Mill |
| 4:55 | Create | Villager (Male) |
| 5:04 | Create | Villager (Male) |
| 6:01 | Create | Villager (Male) |
| 6:15 | Create | Villager (Male) |
| 6:57 | Create | Villager (Male) |
| 6:58 | Create | Villager (Male) |
| 7:24 | Build | Lumber Camp |
| 7:32 | Research | Loom |
| 7:45 | Build | Farm |
| 7:46 | Build | Farm |
| 8:27 | Create | Villager (Male) |
| 8:30 | Research | Feudal Age |
| 8:56 | Build | Barracks |
| 9:42 | Build | Mill |
| 10:05 | Build | House |
| 10:20 | Build | Mining Camp |
| 10:25 | Create | Villager (Male) |
| 10:38 | Create | Villager (Male) |
| 10:40 | Age | Feudal Age |
| 10:42 | Research | Double-Bit Axe |
| 10:52 | Create | Spearman |
| 11:14 | Build | Archery Range |
| 11:25 | Build | Palisade Wall |
| 11:59 | Build | Palisade Gate |
| 12:12 | Create | Villager (Male) |
| 12:28 | Build | House |
| 12:31 | Build | House |
| 12:44 | Build | Palisade Wall |
| 12:46 | Create | Villager (Male) |
| 12:49 | Create | Archer |
| 12:49 | Create | Archer |
| 12:49 | Create | Archer |
| 13:21 | Build | Watch Tower |
| 13:29 | Build | House |
| 13:31 | Build | House |
| 13:33 | Build | Palisade Wall |
| 13:37 | Create | Villager (Male) |
| 13:37 | Create | Villager (Male) |
| 13:54 | Create | Villager (Male) |
| 13:54 | Create | Villager (Male) |
| 14:09 | Create | Archer |
| 14:09 | Create | Archer |
| 14:27 | Build | Blacksmith |
| 14:29 | Create | Villager (Male) |
| 14:31 | Build | Farm |
| 14:44 | Build | Farm |
| 14:45 | Build | Farm |
| 15:15 | Build | House |
| 15:21 | Create | Villager (Male) |
| 15:37 | Research | Fletching |
| 15:45 | Create | Villager (Male) |
| 15:49 | Build | House |
| 15:59 | Create | Villager (Male) |
| 16:08 | Build | House |
| 16:19 | Build | Farm |
| 16:20 | Build | Farm |
| 16:27 | Build | House |
| 16:32 | Create | Archer |
| 16:33 | Create | Archer |
| 16:37 | Create | Spearman |
| 16:38 | Create | Spearman |
| 16:40 | Create | Villager (Male) |
| 16:53 | Build | House |
| 17:18 | Research | Padded Archer Armor |
| 17:24 | Build | Farm |
| 17:31 | Create | Archer |
| 17:31 | Create | Archer |
| 17:35 | Build | Farm |
| 17:38 | Build | Farm |
| 17:46 | Create | Skirmisher |
| 18:05 | Build | Farm |
| 18:09 | Build | House |
| 18:21 | Create | Skirmisher |
| 18:35 | Create | Skirmisher |
| 19:08 | Create | Villager (Male) |
| 19:16 | Build | Market |
| 19:20 | Create | Archer |
| 19:27 | Build | Farm |
| 19:27 | Build | Farm |
| 19:30 | Create | Villager (Male) |
| 19:42 | Create | Archer |
| 19:52 | Build | Farm |
| 20:09 | Create | Archer |
| 20:11 | Create | Villager (Male) |
| 20:19 | Create | Villager (Male) |
| 20:43 | Build | House |
| 20:52 | Create | Skirmisher |
| 20:52 | Create | Skirmisher |
| 20:55 | Create | Archer |
| 20:59 | Create | Villager (Male) |
| 21:03 | Research | Wheelbarrow |
| 21:22 | Build | Farm |
| 21:22 | Build | Farm |
| 21:23 | Build | Farm |
| 21:23 | Build | Farm |
| 22:07 | Create | Archer |
| 22:07 | Create | Archer |
| 22:55 | Research | Castle Age |
| 23:10 | Build | Stable |
| 23:29 | Build | Lumber Camp |
| 23:32 | Create | Villager (Male) |
| 24:10 | Create | Villager (Male) |
| 25:00 | Create | Spearman |
| 25:00 | Create | Spearman |
| 25:01 | Create | Spearman |
| 25:10 | Build | Barracks |
| 25:18 | Create | Spearman |
| 25:18 | Create | Spearman |
| 25:35 | Age | Castle Age |
| 25:44 | Build | Monastery |
| 25:49 | Create | Spearman |
| 25:49 | Research | Pikeman (upgrade) |
| 26:03 | Create | Spearman |
| 26:04 | Create | Spearman |
| 26:06 | Create | Villager (Male) |
| 26:06 | Create | Villager (Male) |
| 26:15 | Build | House |
| 26:25 | Create | Monk |
| 26:25 | Create | Monk |
| 26:30 | Create | Spearman |
| 26:30 | Create | Spearman |
| 26:30 | Create | Spearman |
| 26:49 | Create | Camel Scout |
| 26:49 | Create | Camel Scout |
| 27:14 | Build | Watch Tower |
| 27:31 | Create | Villager (Male) |
| 27:35 | Create | Spearman |
| 27:35 | Create | Spearman |
| 27:36 | Create | Villager (Male) |
| 27:36 | Create | Villager (Male) |
| 27:37 | Create | Villager (Male) |
Build order — Rammanuyan
First 150 of 481 actions detected
| 0:01 | Create | Villager (Male) |
| 0:01 | Create | Villager (Male) |
| 0:03 | Build | House |
| 0:05 | Build | House |
| 0:19 | Create | Villager (Male) |
| 0:20 | Create | Villager (Male) |
| 1:22 | Create | Villager (Male) |
| 1:23 | Create | Villager (Male) |
| 1:44 | Build | Lumber Camp |
| 2:11 | Create | Villager (Male) |
| 2:11 | Create | Villager (Male) |
| 2:37 | Create | Villager (Male) |
| 2:37 | Create | Villager (Male) |
| 3:21 | Create | Villager (Male) |
| 3:21 | Create | Villager (Male) |
| 3:44 | Create | Villager (Male) |
| 3:44 | Create | Villager (Male) |
| 3:57 | Build | House |
| 3:58 | Build | Mill |
| 4:06 | Create | Villager (Male) |
| 4:21 | Build | Mill |
| 4:32 | Create | Villager (Male) |
| 4:33 | Create | Villager (Male) |
| 4:55 | Create | Villager (Male) |
| 4:56 | Create | Villager (Male) |
| 5:05 | Create | Villager (Male) |
| 5:06 | Create | Villager (Male) |
| 5:39 | Build | House |
| 5:53 | Create | Villager (Male) |
| 5:53 | Create | Villager (Male) |
| 6:13 | Create | Villager (Male) |
| 6:53 | Research | Loom |
| 7:47 | Research | Feudal Age |
| 8:13 | Build | Mining Camp |
| 8:57 | Build | Barracks |
| 9:09 | Create | Villager (Male) |
| 9:57 | Age | Feudal Age |
| 10:02 | Build | Archery Range |
| 10:08 | Build | Archery Range |
| 10:09 | Create | Villager (Male) |
| 10:20 | Create | Villager (Male) |
| 10:23 | Research | Double-Bit Axe |
| 10:25 | Create | Villager (Male) |
| 10:37 | Create | Spearman |
| 10:47 | Create | Villager (Male) |
| 10:55 | Build | House |
| 10:57 | Build | Palisade Wall |
| 11:12 | Create | Archer |
| 11:12 | Create | Archer |
| 11:12 | Create | Archer |
| 11:12 | Create | Archer |
| 11:15 | Research | Town Watch |
| 11:15 | Research | Town Watch |
| 11:17 | Create | Spearman |
| 11:23 | Build | House |
| 11:37 | Build | Palisade Wall |
| 11:44 | Create | Villager (Male) |
| 11:44 | Create | Villager (Male) |
| 11:45 | Create | Archer |
| 11:50 | Build | House |
| 11:51 | Create | Spearman |
| 12:05 | Build | Palisade Wall |
| 12:10 | Build | Palisade Wall |
| 12:11 | Build | Palisade Gate |
| 12:13 | Create | Villager (Male) |
| 12:15 | Create | Archer |
| 12:15 | Create | Archer |
| 12:20 | Create | Archer |
| 12:20 | Create | Archer |
| 12:38 | Create | Archer |
| 12:45 | Create | Villager (Male) |
| 12:53 | Build | House |
| 12:56 | Build | House |
| 13:17 | Create | Villager (Male) |
| 13:30 | Create | Villager (Male) |
| 13:32 | Create | Villager (Male) |
| 13:42 | Build | Farm |
| 13:43 | Build | Farm |
| 13:44 | Build | Farm |
| 13:45 | Create | Archer |
| 13:45 | Create | Archer |
| 13:45 | Create | Archer |
| 13:45 | Create | Archer |
| 13:52 | Create | Archer |
| 13:52 | Create | Archer |
| 14:06 | Build | Lumber Camp |
| 14:18 | Create | Archer |
| 14:22 | Build | Palisade Wall |
| 14:26 | Create | Villager (Male) |
| 14:40 | Create | Spearman |
| 14:46 | Build | House |
| 14:48 | Build | House |
| 15:11 | Create | Villager (Male) |
| 15:44 | Create | Villager (Male) |
| 16:05 | Create | Villager (Male) |
| 16:18 | Create | Archer |
| 16:18 | Create | Archer |
| 16:19 | Create | Archer |
| 16:19 | Create | Archer |
| 16:21 | Build | Farm |
| 16:22 | Build | Farm |
| 16:22 | Build | Farm |
| 16:29 | Build | Farm |
| 16:30 | Build | Farm |
| 16:30 | Build | Farm |
| 16:36 | Build | Palisade Wall |
| 16:38 | Build | Palisade Wall |
| 17:01 | Build | Farm |
| 17:03 | Build | Farm |
| 17:25 | Build | Farm |
| 17:27 | Build | Farm |
| 17:29 | Build | Farm |
| 17:29 | Create | Villager (Male) |
| 17:29 | Create | Villager (Male) |
| 17:41 | Build | House |
| 17:54 | Create | Villager (Male) |
| 18:09 | Build | Blacksmith |
| 18:23 | Create | Villager (Male) |
| 18:23 | Create | Villager (Male) |
| 18:41 | Create | Archer |
| 18:42 | Create | Archer |
| 18:42 | Create | Archer |
| 18:44 | Build | Farm |
| 18:46 | Build | Farm |
| 18:50 | Build | Farm |
| 18:52 | Create | Villager (Male) |
| 19:07 | Build | House |
| 19:09 | Build | House |
| 19:09 | Build | House |
| 19:21 | Build | Farm |
| 19:23 | Create | Archer |
| 19:23 | Create | Archer |
| 19:23 | Create | Archer |
| 19:28 | Research | Fletching |
| 19:28 | Research | Fletching |
| 19:29 | Research | Padded Archer Armor |
| 19:45 | Create | Villager (Male) |
| 19:46 | Create | Villager (Male) |
| 19:46 | Create | Villager (Male) |
| 20:12 | Create | Archer |
| 20:12 | Create | Archer |
| 20:12 | Create | Archer |
| 20:12 | Create | Archer |
| 20:35 | Create | Villager (Male) |
| 20:37 | Create | Archer |
| 20:37 | Create | Archer |
| 21:03 | Research | Wheelbarrow |
| 21:03 | Research | Wheelbarrow |
| 21:25 | Build | Mining Camp |
| 21:44 | Create | Villager (Male) |
Build order — sintopares
First 150 of 331 actions detected
| 0:00 | Create | Villager (Male) |
| 0:01 | Create | Villager (Male) |
| 0:01 | Create | Villager (Male) |
| 0:01 | Create | Villager (Male) |
| 0:01 | Create | Villager (Male) |
| 0:02 | Build | House |
| 0:04 | Build | House |
| 1:23 | Create | Villager (Male) |
| 1:58 | Create | Villager (Male) |
| 2:26 | Build | Lumber Camp |
| 2:35 | Create | Villager (Male) |
| 2:49 | Create | Villager (Male) |
| 3:24 | Create | Villager (Male) |
| 3:30 | Create | Villager (Male) |
| 3:49 | Create | Villager (Male) |
| 3:53 | Build | House |
| 4:04 | Create | Villager (Male) |
| 4:37 | Build | House |
| 4:52 | Create | Villager (Male) |
| 5:27 | Create | Villager (Male) |
| 5:34 | Create | Villager (Male) |
| 5:44 | Build | Barracks |
| 6:28 | Create | Villager (Male) |
| 7:02 | Build | Mill |
| 7:04 | Create | Villager (Male) |
| 7:07 | Create | Villager (Male) |
| 7:08 | Research | Loom |
| 8:04 | Research | Feudal Age |
| 8:41 | Build | Mining Camp |
| 8:43 | Create | Militia |
| 8:47 | Create | Villager (Male) |
| 9:08 | Create | Militia |
| 9:17 | Build | Farm |
| 9:18 | Build | Farm |
| 9:19 | Build | Farm |
| 9:28 | Create | Militia |
| 9:55 | Create | Villager (Male) |
| 10:12 | Build | House |
| 10:13 | Build | House |
| 10:24 | Age | Feudal Age |
| 10:32 | Build | Farm |
| 10:33 | Build | Farm |
| 11:05 | Research | Man-at-Arms (upgrade) |
| 11:19 | Build | Blacksmith |
| 11:20 | Create | Villager (Male) |
| 11:22 | Build | Farm |
| 11:39 | Build | Farm |
| 11:58 | Create | Villager (Male) |
| 12:01 | Build | Farm |
| 12:06 | Build | House |
| 12:16 | Create | Villager (Male) |
| 12:19 | Create | Villager (Male) |
| 12:33 | Create | Villager (Male) |
| 12:37 | Build | Farm |
| 12:59 | Create | Villager (Male) |
| 13:02 | Build | House |
| 13:11 | Create | Villager (Male) |
| 13:20 | Build | Farm |
| 13:21 | Build | Farm |
| 13:53 | Create | Villager (Male) |
| 13:57 | Build | Stable |
| 14:30 | Build | Farm |
| 14:37 | Create | Villager (Male) |
| 14:47 | Build | Farm |
| 14:51 | Build | Farm |
| 15:13 | Build | Farm |
| 15:16 | Build | Farm |
| 15:16 | Create | Villager (Male) |
| 15:43 | Create | Villager (Male) |
| 15:45 | Build | Farm |
| 15:46 | Build | Farm |
| 16:23 | Research | Wheelbarrow |
| 16:28 | Build | Farm |
| 16:55 | Build | Palisade Wall |
| 16:59 | Build | Palisade Wall |
| 17:07 | Research | Castle Age |
| 17:28 | Build | Palisade Gate |
| 17:35 | Build | House |
| 17:38 | Build | Palisade Wall |
| 17:38 | Create | Villager (Male) |
| 18:10 | Build | Farm |
| 18:11 | Build | Farm |
| 18:11 | Build | Farm |
| 18:12 | Build | Farm |
| 18:12 | Build | Farm |
| 19:50 | Create | Villager (Male) |
| 20:02 | Build | Palisade Gate |
| 20:03 | Age | Castle Age |
| 20:05 | Build | Stable |
| 20:09 | Create | Villager (Male) |
| 20:19 | Create | Battle Elephant |
| 20:20 | Create | Battle Elephant |
| 20:26 | Create | Villager (Male) |
| 20:30 | Create | Villager (Male) |
| 20:39 | Research | Double-Bit Axe |
| 20:47 | Create | Battle Elephant |
| 20:47 | Create | Battle Elephant |
| 20:48 | Create | Villager (Male) |
| 21:13 | Build | Palisade Wall |
| 21:13 | Create | Villager (Male) |
| 21:16 | Create | Villager (Male) |
| 21:23 | Research | Bow Saw |
| 21:28 | Create | Scout Cavalry |
| 21:29 | Create | Scout Cavalry |
| 21:38 | Create | Villager (Male) |
| 21:47 | Build | Palisade Gate |
| 21:49 | Create | Villager (Male) |
| 21:51 | Create | Villager (Male) |
| 22:03 | Research | Forging |
| 22:08 | Research | Bloodlines |
| 22:10 | Create | Villager (Male) |
| 22:36 | Build | House |
| 22:38 | Build | House |
| 22:38 | Create | Villager (Male) |
| 22:46 | Create | Scout Cavalry |
| 22:47 | Create | Scout Cavalry |
| 22:49 | Research | Scale Barding Armor |
| 23:16 | Create | Battle Elephant |
| 23:17 | Create | Battle Elephant |
| 23:19 | Create | Villager (Male) |
| 23:28 | Build | House |
| 23:29 | Build | House |
| 23:29 | Create | Villager (Male) |
| 23:37 | Research | Horse Collar |
| 23:58 | Build | Town Center |
| 24:00 | Create | Villager (Male) |
| 24:21 | Create | Villager (Male) |
| 24:43 | Research | Chain Barding Armor |
| 24:44 | Create | Villager (Male) |
| 24:46 | Create | Battle Elephant |
| 25:10 | Create | Villager (Male) |
| 25:17 | Build | Farm |
| 25:17 | Build | Farm |
| 25:17 | Build | Farm |
| 25:18 | Build | Farm |
| 25:18 | Build | Farm |
| 25:18 | Build | Farm |
| 25:19 | Build | Farm |
| 25:19 | Build | Farm |
| 25:19 | Build | Farm |
| 25:20 | Build | Farm |
| 25:23 | Create | Villager (Male) |
| 25:55 | Create | Villager (Male) |
| 26:02 | Build | House |
| 26:02 | Create | Villager (Male) |
| 26:13 | Create | Villager (Male) |
| 26:14 | Create | Villager (Male) |
| 26:26 | Create | Villager (Male) |
| 26:29 | Research | Iron Casting |
| 26:33 | Create | Battle Elephant |
Build order — Sirwilliam
First 150 of 333 actions detected
| 0:00 | Research | Loom |
| 0:01 | Create | Villager (Male) |
| 0:02 | Create | Villager (Male) |
| 0:03 | Build | House |
| 0:04 | Build | House |
| 0:10 | Create | Villager (Male) |
| 1:41 | Create | Villager (Male) |
| 2:03 | Create | Villager (Male) |
| 2:18 | Build | Lumber Camp |
| 2:23 | Create | Villager (Male) |
| 2:50 | Create | Villager (Male) |
| 3:24 | Build | House |
| 3:29 | Create | Villager (Male) |
| 3:59 | Create | Villager (Male) |
| 4:03 | Create | Villager (Male) |
| 4:46 | Create | Villager (Male) |
| 5:18 | Create | Villager (Male) |
| 5:21 | Create | Villager (Male) |
| 5:25 | Create | Villager (Male) |
| 5:45 | Create | Villager (Male) |
| 6:07 | Build | Mill |
| 6:10 | Create | Villager (Male) |
| 6:25 | Create | Villager (Male) |
| 6:30 | Create | Villager (Male) |
| 6:33 | Build | House |
| 7:03 | Create | Villager (Male) |
| 7:22 | Create | Villager (Male) |
| 7:52 | Research | Feudal Age |
| 7:59 | Build | Mining Camp |
| 8:24 | Build | Barracks |
| 9:18 | Create | Villager (Male) |
| 9:55 | Build | Barracks |
| 10:03 | Age | Feudal Age |
| 10:07 | Create | Eagle Scout |
| 10:08 | Create | Eagle Scout |
| 10:17 | Build | House |
| 10:20 | Build | House |
| 10:38 | Create | Villager (Male) |
| 10:42 | Create | Eagle Scout |
| 10:49 | Create | Eagle Scout |
| 10:50 | Create | Eagle Scout |
| 11:12 | Create | Villager (Male) |
| 11:14 | Research | Double-Bit Axe |
| 11:17 | Create | Eagle Scout |
| 11:18 | Create | Eagle Scout |
| 11:25 | Build | Palisade Gate |
| 11:32 | Build | Palisade Wall |
| 11:36 | Create | Villager (Male) |
| 11:46 | Create | Villager (Male) |
| 11:56 | Build | Farm |
| 11:58 | Create | Villager (Male) |
| 12:11 | Create | Eagle Scout |
| 12:17 | Build | Blacksmith |
| 12:27 | Create | Villager (Male) |
| 12:50 | Create | Villager (Male) |
| 12:56 | Build | House |
| 13:00 | Build | House |
| 13:03 | Research | Wheelbarrow |
| 13:05 | Create | Eagle Scout |
| 13:06 | Create | Eagle Scout |
| 13:10 | Build | Palisade Gate |
| 13:25 | Build | Palisade Wall |
| 13:31 | Create | Villager (Male) |
| 13:34 | Build | Farm |
| 13:38 | Research | Scale Mail Armor |
| 14:11 | Research | Arson |
| 14:20 | Create | Villager (Male) |
| 14:23 | Create | Eagle Scout |
| 14:44 | Create | Villager (Male) |
| 14:48 | Build | House |
| 14:50 | Build | Palisade Wall |
| 14:54 | Build | Palisade Wall |
| 15:02 | Create | Eagle Scout |
| 15:05 | Create | Eagle Scout |
| 15:16 | Create | Eagle Scout |
| 15:20 | Build | Farm |
| 15:20 | Build | Farm |
| 15:21 | Build | Farm |
| 15:26 | Build | Farm |
| 15:26 | Build | Farm |
| 15:26 | Build | Farm |
| 15:29 | Create | Villager (Male) |
| 16:05 | Create | Eagle Scout |
| 16:06 | Create | Eagle Scout |
| 16:30 | Create | Eagle Scout |
| 16:31 | Create | Eagle Scout |
| 16:33 | Research | Forging |
| 16:36 | Build | Farm |
| 17:29 | Create | Eagle Scout |
| 17:31 | Create | Eagle Scout |
| 17:33 | Create | Villager (Male) |
| 17:44 | Build | Lumber Camp |
| 17:49 | Build | Palisade Wall |
| 18:22 | Create | Eagle Scout |
| 18:23 | Create | Eagle Scout |
| 18:23 | Create | Eagle Scout |
| 18:25 | Create | Villager (Male) |
| 18:27 | Build | House |
| 18:28 | Build | House |
| 19:13 | Create | Villager (Male) |
| 19:15 | Create | Villager (Male) |
| 19:27 | Build | House |
| 19:37 | Create | Eagle Scout |
| 19:38 | Create | Eagle Scout |
| 19:51 | Create | Villager (Male) |
| 19:53 | Create | Eagle Scout |
| 19:54 | Create | Villager (Male) |
| 20:16 | Create | Villager (Male) |
| 20:18 | Build | Farm |
| 20:20 | Build | Farm |
| 20:25 | Build | Mill |
| 20:47 | Create | Villager (Male) |
| 20:53 | Build | Farm |
| 20:54 | Build | Farm |
| 20:54 | Build | Farm |
| 20:56 | Research | Horse Collar |
| 21:30 | Create | Villager (Male) |
| 21:32 | Create | Eagle Scout |
| 21:33 | Create | Villager (Male) |
| 21:35 | Build | Farm |
| 22:05 | Build | Mining Camp |
| 22:13 | Create | Eagle Scout |
| 22:25 | Build | Market |
| 22:35 | Create | Villager (Male) |
| 22:38 | Create | Villager (Male) |
| 23:10 | Create | Eagle Scout |
| 23:12 | Create | Eagle Scout |
| 23:30 | Create | Eagle Scout |
| 23:31 | Create | Eagle Scout |
| 23:47 | Research | Castle Age |
| 23:55 | Research | Stone Mining |
| 24:04 | Create | Spearman |
| 24:09 | Create | Spearman |
| 24:09 | Create | Spearman |
| 24:54 | Create | Eagle Scout |
| 24:55 | Create | Eagle Scout |
| 25:30 | Create | Eagle Scout |
| 25:31 | Create | Eagle Scout |
| 25:38 | Research | Gold Mining |
| 25:59 | Build | House |
| 26:02 | Build | House |
| 26:02 | Build | House |
| 26:16 | Build | House |
| 26:17 | Build | House |
| 26:27 | Age | Castle Age |
| 26:31 | Research | Eagle Warrior (upgrade) |
| 26:33 | Research | Squires |
| 27:03 | Create | Eagle Scout |
| 27:28 | Build | Castle |
| 27:38 | Research | Iron Casting |
Build order — K-TO
First 150 of 311 actions detected
| 0:01 | Create | Villager (Male) |
| 0:01 | Create | Villager (Male) |
| 0:04 | Build | House |
| 0:05 | Build | House |
| 0:11 | Create | Villager (Male) |
| 0:12 | Create | Villager (Male) |
| 1:29 | Create | Villager (Male) |
| 1:55 | Create | Villager (Male) |
| 1:57 | Build | Mule Cart |
| 2:18 | Create | Villager (Male) |
| 2:59 | Create | Villager (Male) |
| 3:39 | Create | Villager (Male) |
| 3:53 | Create | Villager (Male) |
| 4:12 | Build | House |
| 4:13 | Build | House |
| 4:27 | Create | Villager (Male) |
| 4:39 | Build | Mill |
| 4:41 | Create | Villager (Male) |
| 5:00 | Create | Villager (Male) |
| 5:15 | Build | House |
| 5:17 | Create | Villager (Male) |
| 5:43 | Build | Palisade Wall |
| 5:43 | Create | Villager (Male) |
| 5:48 | Create | Villager (Male) |
| 6:23 | Create | Villager (Male) |
| 6:30 | Build | Palisade Gate |
| 6:37 | Build | Barracks |
| 6:39 | Build | House |
| 7:19 | Create | Villager (Male) |
| 7:40 | Build | House |
| 7:45 | Research | Loom |
| 8:15 | Research | Feudal Age |
| 8:34 | Build | Palisade Wall |
| 8:43 | Build | Palisade Wall |
| 9:00 | Build | House |
| 9:02 | Build | Palisade Wall |
| 9:04 | Build | Palisade Wall |
| 9:13 | Create | Villager (Male) |
| 9:17 | Build | Palisade Wall |
| 10:25 | Age | Feudal Age |
| 10:27 | Build | Stable |
| 10:30 | Research | Double-Bit Axe |
| 10:31 | Research | Horse Collar |
| 10:31 | Create | Villager (Male) |
| 10:36 | Build | House |
| 10:38 | Build | House |
| 10:41 | Build | Palisade Wall |
| 10:49 | Build | Farm |
| 11:12 | Build | Farm |
| 11:13 | Create | Militia |
| 11:14 | Create | Villager (Male) |
| 11:18 | Build | Farm |
| 11:20 | Create | Villager (Male) |
| 11:30 | Build | Farm |
| 11:38 | Create | Villager (Male) |
| 11:53 | Build | Farm |
| 11:59 | Build | Mule Cart |
| 12:11 | Create | Villager (Male) |
| 12:14 | Build | Farm |
| 12:17 | Build | Farm |
| 12:32 | Create | Villager (Male) |
| 12:34 | Build | Farm |
| 12:37 | Create | Villager (Male) |
| 13:01 | Build | Farm |
| 13:05 | Build | Farm |
| 13:05 | Create | Villager (Male) |
| 13:16 | Create | Scout Cavalry |
| 13:16 | Create | Scout Cavalry |
| 13:36 | Create | Villager (Male) |
| 13:41 | Build | Palisade Wall |
| 13:43 | Build | Farm |
| 13:48 | Build | Farm |
| 14:08 | Research | Bloodlines |
| 14:31 | Create | Scout Cavalry |
| 14:31 | Create | Scout Cavalry |
| 14:33 | Build | Farm |
| 14:35 | Create | Villager (Male) |
| 14:39 | Build | Blacksmith |
| 15:05 | Research | Wheelbarrow |
| 15:05 | Research | Wheelbarrow |
| 15:22 | Build | Farm |
| 15:59 | Research | Man-at-Arms (upgrade) |
| 16:09 | Create | Scout Cavalry |
| 16:09 | Create | Scout Cavalry |
| 16:09 | Create | Scout Cavalry |
| 16:40 | Create | Villager (Male) |
| 16:50 | Build | Mule Cart |
| 16:51 | Create | Villager (Male) |
| 17:11 | Build | Mule Cart |
| 17:25 | Research | Man-at-Arms (upgrade) |
| 17:26 | Research | Arson |
| 17:26 | Create | Militia ×2 |
| 17:26 | Create | Militia ×2 |
| 17:42 | Create | Scout Cavalry |
| 17:50 | Create | Villager (Male) |
| 17:50 | Create | Villager (Male) |
| 17:59 | Build | Barracks |
| 18:37 | Create | Villager (Male) |
| 18:37 | Create | Villager (Male) |
| 18:41 | Build | Farm |
| 18:41 | Build | Farm |
| 18:41 | Build | Farm |
| 18:54 | Build | Market |
| 19:11 | Research | Long Swordsman (upgrade) |
| 19:12 | Create | Militia ×3 |
| 19:23 | Build | Stone Wall |
| 19:31 | Create | Villager (Male) |
| 19:36 | Build | House |
| 19:50 | Create | Militia ×2 |
| 19:57 | Create | Villager (Male) |
| 20:02 | Build | House |
| 20:12 | Create | Villager (Male) |
| 20:13 | Create | Villager (Male) |
| 20:21 | Create | Militia |
| 20:21 | Create | Militia |
| 20:32 | Build | House |
| 20:39 | Build | Palisade Wall |
| 20:41 | Create | Militia ×4 |
| 21:23 | Build | Archery Range |
| 21:24 | Create | Villager (Male) |
| 21:31 | Build | Gate |
| 21:46 | Research | Scale Mail Armor |
| 21:47 | Research | Forging |
| 21:49 | Create | Villager (Male) |
| 21:53 | Build | House |
| 21:55 | Build | House |
| 21:56 | Build | House |
| 22:42 | Build | Archery Range |
| 22:45 | Create | Villager (Male) |
| 23:00 | Build | Watch Tower |
| 23:06 | Create | Skirmisher ×5 |
| 23:08 | Create | Militia ×5 |
| 23:15 | Research | Padded Archer Armor |
| 23:28 | Build | Farm |
| 23:30 | Create | Villager (Male) |
| 23:31 | Create | Villager (Male) |
| 23:56 | Create | Skirmisher |
| 23:56 | Create | Skirmisher |
| 23:57 | Create | Skirmisher |
| 23:57 | Create | Skirmisher |
| 23:57 | Create | Skirmisher |
| 23:58 | Create | Skirmisher |
| 24:13 | Build | Mule Cart |
| 24:17 | Create | Villager (Male) |
| 24:34 | Create | Skirmisher ×2 |
| 24:43 | Create | Skirmisher |
| 24:44 | Research | Fletching |
| 24:45 | Create | Villager (Male) |
| 24:53 | Create | Villager (Male) |
| 25:23 | Build | House |
Build order — sT_LaCulebra.
First 150 of 391 actions detected
| 0:00 | Create | Villager (Male) |
| 0:01 | Create | Villager (Male) |
| 0:01 | Create | Villager (Male) |
| 0:01 | Create | Villager (Male) |
| 0:02 | Build | House |
| 0:04 | Build | House |
| 1:31 | Create | Villager (Male) |
| 1:44 | Create | Villager (Male) |
| 1:44 | Create | Villager (Male) |
| 1:58 | Build | Lumber Camp |
| 2:02 | Create | Villager (Male) |
| 2:47 | Create | Villager (Male) |
| 3:06 | Build | House |
| 3:37 | Create | Villager (Male) |
| 3:38 | Create | Villager (Male) |
| 3:38 | Create | Villager (Male) |
| 4:11 | Build | House |
| 4:31 | Create | Villager (Male) |
| 4:36 | Create | Villager (Male) |
| 5:11 | Build | Mill |
| 5:31 | Create | Villager (Male) |
| 5:31 | Create | Villager (Male) |
| 6:35 | Create | Villager (Male) |
| 6:38 | Create | Villager (Male) |
| 7:32 | Create | Villager (Male) |
| 7:34 | Create | Villager (Male) |
| 7:35 | Create | Villager (Male) |
| 8:08 | Build | Palisade Wall |
| 8:10 | Build | Palisade Wall |
| 8:21 | Build | Palisade Wall |
| 8:33 | Research | Feudal Age |
| 8:41 | Build | Palisade Wall |
| 8:46 | Build | Palisade Wall |
| 9:07 | Research | Loom |
| 9:07 | Create | Villager (Male) |
| 9:08 | Create | Villager (Male) |
| 9:51 | Build | Farm |
| 9:54 | Build | Farm |
| 9:54 | Build | Farm |
| 10:54 | Build | House |
| 10:57 | Age | Feudal Age |
| 11:06 | Build | Blacksmith |
| 11:15 | Build | Market |
| 11:23 | Build | Palisade Wall |
| 11:59 | Create | Villager (Male) |
| 12:07 | Build | Farm |
| 12:07 | Build | Farm |
| 12:08 | Build | Farm |
| 12:09 | Build | Farm |
| 12:09 | Build | Farm |
| 12:10 | Build | Farm |
| 12:33 | Create | Villager (Male) |
| 12:40 | Build | Farm |
| 12:48 | Build | House |
| 12:56 | Build | Palisade Wall |
| 13:20 | Research | Castle Age |
| 13:27 | Build | Farm |
| 13:32 | Research | Horse Collar |
| 13:47 | Build | Farm |
| 14:16 | Create | Villager (Male) |
| 14:31 | Build | Barracks |
| 15:01 | Research | Double-Bit Axe |
| 15:14 | Create | Villager (Male) |
| 15:20 | Build | Mining Camp |
| 15:47 | Build | Mining Camp |
| 15:56 | Research | Man-at-Arms (upgrade) |
| 16:00 | Age | Castle Age |
| 16:09 | Research | Squires |
| 16:20 | Build | Barracks |
| 16:27 | Create | Villager (Male) |
| 16:32 | Research | Gold Mining |
| 17:04 | Create | Villager (Male) |
| 17:10 | Research | Long Swordsman (upgrade) |
| 17:18 | Create | Villager (Male) |
| 17:24 | Build | Farm |
| 17:38 | Build | Farm |
| 17:38 | Build | Farm |
| 17:42 | Create | Villager (Male) |
| 17:45 | Create | Militia |
| 17:45 | Create | Militia |
| 17:54 | Build | Farm |
| 17:57 | Build | Farm |
| 18:03 | Build | Farm |
| 18:05 | Create | Militia |
| 18:05 | Create | Militia |
| 18:06 | Create | Militia |
| 18:12 | Build | House |
| 18:18 | Build | House |
| 18:21 | Build | House |
| 18:32 | Create | Militia |
| 18:38 | Create | Militia |
| 18:38 | Create | Militia |
| 18:38 | Create | Militia |
| 18:51 | Research | Scale Mail Armor |
| 18:59 | Create | Militia |
| 19:00 | Create | Militia |
| 19:22 | Create | Militia |
| 19:22 | Create | Militia |
| 19:22 | Create | Militia |
| 19:22 | Create | Militia |
| 19:57 | Create | Militia |
| 19:57 | Create | Militia |
| 19:57 | Create | Militia |
| 19:58 | Create | Villager (Male) |
| 19:58 | Create | Villager (Male) |
| 20:11 | Create | Villager (Male) |
| 20:22 | Create | Villager (Male) |
| 20:30 | Build | Farm |
| 20:31 | Build | Farm |
| 20:31 | Build | Farm |
| 20:34 | Create | Villager (Male) |
| 20:39 | Create | Villager (Male) |
| 20:42 | Create | Villager (Male) |
| 20:58 | Research | Chain Mail Armor |
| 21:04 | Create | Villager (Male) |
| 21:12 | Build | Farm |
| 21:16 | Build | House |
| 21:27 | Create | Villager (Male) |
| 21:33 | Build | Farm |
| 21:49 | Create | Villager (Male) |
| 21:50 | Create | Militia |
| 21:51 | Create | Militia |
| 21:58 | Build | Lumber Camp |
| 22:05 | Research | Forging |
| 22:10 | Create | Villager (Male) |
| 22:20 | Build | Farm |
| 22:53 | Create | Villager (Male) |
| 22:54 | Create | Villager (Male) |
| 23:18 | Create | Militia |
| 23:18 | Create | Militia |
| 23:18 | Create | Militia |
| 24:01 | Create | Villager (Male) |
| 24:02 | Create | Villager (Male) |
| 24:06 | Create | Villager (Male) |
| 24:14 | Build | House |
| 24:15 | Build | House |
| 24:31 | Build | Farm |
| 24:34 | Build | Farm |
| 24:37 | Create | Militia |
| 24:38 | Create | Militia |
| 24:38 | Create | Militia |
| 24:38 | Create | Militia |
| 24:44 | Build | House |
| 24:58 | Research | Pikeman (upgrade) |
| 25:00 | Create | Spearman |
| 25:00 | Create | Spearman |
| 25:00 | Create | Spearman |
| 25:00 | Create | Spearman |
| 25:01 | Create | Spearman |
| 25:01 | Create | Spearman |
Build order — JAOK1987
First 150 of 273 actions detected
| 0:00 | Create | Villager (Male) |
| 0:01 | Create | Villager (Male) |
| 0:01 | Create | Villager (Male) |
| 0:01 | Create | Villager (Male) |
| 0:01 | Create | Villager (Male) |
| 0:03 | Build | House |
| 0:04 | Build | House |
| 1:28 | Create | Villager (Male) |
| 1:51 | Build | Lumber Camp |
| 2:14 | Create | Villager (Male) |
| 2:14 | Create | Villager (Male) |
| 2:30 | Create | Villager (Male) |
| 2:31 | Create | Villager (Male) |
| 2:52 | Build | House |
| 3:01 | Build | House |
| 3:25 | Create | Villager (Male) |
| 3:25 | Create | Villager (Male) |
| 4:06 | Create | Villager (Male) |
| 4:07 | Create | Villager (Male) |
| 4:24 | Create | Villager (Male) |
| 4:25 | Create | Villager (Male) |
| 5:02 | Create | Villager (Male) |
| 5:02 | Create | Villager (Male) |
| 5:30 | Create | Villager (Male) |
| 5:30 | Create | Villager (Male) |
| 5:50 | Build | Mill |
| 5:55 | Create | Villager (Male) |
| 5:56 | Create | Villager (Male) |
| 5:56 | Create | Villager (Male) |
| 5:56 | Create | Villager (Male) |
| 6:43 | Create | Villager (Male) |
| 6:43 | Create | Villager (Male) |
| 6:53 | Build | House |
| 6:59 | Build | Palisade Wall |
| 7:00 | Build | Palisade Wall |
| 7:47 | Build | Barracks |
| 7:57 | Research | Feudal Age |
| 8:37 | Build | House |
| 8:39 | Build | Palisade Wall |
| 8:59 | Create | Villager (Male) |
| 8:59 | Create | Villager (Male) |
| 9:18 | Build | Palisade Wall |
| 9:24 | Build | House |
| 9:25 | Build | Palisade Wall |
| 9:26 | Build | Palisade Wall |
| 9:31 | Create | Villager (Male) |
| 9:32 | Create | Villager (Male) |
| 9:35 | Research | Loom |
| 10:07 | Age | Feudal Age |
| 10:13 | Create | Villager (Male) |
| 10:13 | Create | Villager (Male) |
| 10:15 | Research | Double-Bit Axe |
| 10:18 | Build | Archery Range |
| 10:28 | Build | Mining Camp |
| 10:38 | Create | Villager (Male) |
| 10:39 | Create | Villager (Male) |
| 10:49 | Build | House |
| 10:50 | Build | Palisade Wall |
| 10:51 | Build | Palisade Wall |
| 11:03 | Create | Archer |
| 11:03 | Create | Archer |
| 11:20 | Create | Villager (Male) |
| 11:20 | Create | Villager (Male) |
| 11:29 | Create | Archer |
| 11:30 | Create | Archer |
| 11:55 | Create | Villager (Male) |
| 11:55 | Create | Villager (Male) |
| 12:13 | Build | Lumber Camp |
| 12:22 | Create | Skirmisher ×5 |
| 12:27 | Create | Archer ×3 |
| 12:41 | Build | House |
| 12:42 | Build | Palisade Wall |
| 12:45 | Build | Palisade Wall |
| 12:48 | Create | Villager (Male) |
| 12:48 | Create | Villager (Male) |
| 12:54 | Create | Archer |
| 12:54 | Create | Archer |
| 13:22 | Create | Archer |
| 13:47 | Create | Villager (Male) |
| 13:47 | Create | Villager (Male) |
| 13:57 | Build | Blacksmith |
| 14:00 | Build | House |
| 14:01 | Build | House |
| 14:04 | Build | House |
| 14:08 | Create | Villager (Male) |
| 14:09 | Create | Villager (Male) |
| 14:32 | Create | Archer ×3 |
| 14:34 | Create | Villager (Male) |
| 14:34 | Create | Villager (Male) |
| 14:39 | Build | Farm |
| 14:39 | Build | Farm |
| 14:42 | Build | Farm |
| 16:30 | Research | Fletching |
| 16:32 | Create | Villager (Male) |
| 16:32 | Create | Villager (Male) |
| 16:34 | Build | Farm |
| 16:35 | Build | Farm |
| 16:40 | Build | House |
| 16:41 | Build | House |
| 17:42 | Create | Villager (Male) |
| 17:42 | Create | Villager (Male) |
| 17:46 | Build | Farm |
| 17:46 | Build | Farm |
| 17:46 | Build | Farm |
| 17:46 | Build | Farm |
| 17:46 | Build | Farm |
| 17:47 | Build | Farm |
| 17:47 | Build | Farm |
| 17:47 | Build | Farm |
| 17:47 | Build | Farm |
| 18:04 | Build | Market |
| 18:38 | Create | Villager (Male) |
| 18:38 | Create | Villager (Male) |
| 18:51 | Build | House |
| 19:05 | Create | Villager (Male) |
| 19:05 | Create | Villager (Male) |
| 19:09 | Build | Farm |
| 19:10 | Build | Farm |
| 19:10 | Build | Farm |
| 19:10 | Build | Farm |
| 19:10 | Build | Farm |
| 19:10 | Build | Farm |
| 19:19 | Build | Mining Camp |
| 20:11 | Create | Villager (Male) |
| 20:12 | Create | Villager (Male) |
| 20:58 | Create | Villager (Male) |
| 20:58 | Create | Villager (Male) |
| 21:24 | Research | Castle Age |
| 21:50 | Build | Stable |
| 21:55 | Build | House |
| 21:57 | Build | House |
| 21:59 | Build | House |
| 22:06 | Build | Stable |
| 22:28 | Build | Watch Tower |
| 23:48 | Research | Bloodlines |
| 24:05 | Build | Palisade Gate |
| 24:06 | Age | Castle Age |
| 24:12 | Create | Knight ×4 |
| 24:12 | Create | Knight ×4 |
| 24:15 | Create | Villager (Male) |
| 24:15 | Create | Villager (Male) |
| 24:15 | Create | Villager (Male) |
| 24:23 | Build | Mining Camp |
| 24:26 | Research | Gold Mining |
| 24:31 | Research | Horse Collar |
| 24:37 | Create | Knight |
| 24:37 | Create | Knight |
| 25:22 | Build | Castle |
| 25:24 | Build | Mining Camp |
| 25:29 | Create | Knight ×2 |
Build order — sT_K'cifer!
First 150 of 291 actions detected
| 0:02 | Create | Villager (Male) |
| 0:02 | Create | Villager (Male) |
| 0:03 | Build | House |
| 0:05 | Build | House |
| 0:19 | Create | Villager (Male) |
| 0:19 | Create | Villager (Male) |
| 0:19 | Create | Villager (Male) |
| 1:24 | Create | Villager (Male) |
| 1:24 | Create | Villager (Male) |
| 1:57 | Build | Lumber Camp |
| 1:59 | Create | Villager (Male) |
| 1:59 | Create | Villager (Male) |
| 2:18 | Create | Villager (Male) |
| 2:18 | Create | Villager (Male) |
| 2:50 | Create | Villager (Male) |
| 2:50 | Create | Villager (Male) |
| 3:01 | Create | Villager (Male) |
| 3:02 | Create | Villager (Male) |
| 3:34 | Build | House |
| 3:49 | Create | Villager (Male) |
| 3:49 | Create | Villager (Male) |
| 4:00 | Create | Villager (Male) |
| 4:00 | Create | Villager (Male) |
| 4:17 | Build | House |
| 4:36 | Create | Villager (Male) |
| 4:36 | Create | Villager (Male) |
| 4:58 | Build | Barracks |
| 5:04 | Create | Villager (Male) |
| 5:04 | Create | Villager (Male) |
| 5:04 | Create | Villager (Male) |
| 5:29 | Create | Villager (Male) |
| 5:29 | Create | Villager (Male) |
| 5:29 | Create | Villager (Male) |
| 5:36 | Build | Mill |
| 5:54 | Build | Palisade Wall |
| 6:08 | Create | Villager (Male) |
| 6:08 | Create | Villager (Male) |
| 6:08 | Create | Villager (Male) |
| 6:18 | Create | Militia |
| 6:24 | Build | Palisade Gate |
| 6:35 | Create | Villager (Male) |
| 6:35 | Create | Villager (Male) |
| 6:52 | Create | Militia |
| 6:52 | Create | Militia |
| 6:52 | Create | Militia |
| 7:00 | Create | Villager (Male) |
| 7:17 | Research | Loom |
| 7:24 | Create | Militia |
| 7:25 | Create | Militia |
| 7:41 | Build | House |
| 7:43 | Build | Palisade Wall |
| 7:50 | Build | Palisade Wall |
| 7:51 | Build | Palisade Wall |
| 7:53 | Build | Palisade Wall |
| 7:54 | Create | Villager (Male) |
| 8:11 | Create | Militia |
| 8:51 | Create | Villager (Male) |
| 9:15 | Build | House |
| 9:17 | Build | House |
| 9:22 | Research | Feudal Age |
| 10:05 | Create | Militia |
| 10:36 | Create | Villager (Male) |
| 10:58 | Create | Villager (Male) |
| 11:04 | Build | Farm |
| 11:05 | Build | Farm |
| 11:31 | Create | Villager (Male) |
| 11:32 | Age | Feudal Age |
| 11:34 | Build | Farm |
| 11:38 | Build | Farm |
| 11:45 | Build | Archery Range |
| 12:07 | Create | Villager (Male) |
| 12:11 | Build | Farm |
| 12:13 | Build | Farm |
| 12:20 | Build | Farm |
| 12:22 | Build | Farm |
| 12:24 | Create | Villager (Male) |
| 12:49 | Create | Skirmisher |
| 12:49 | Create | Skirmisher |
| 12:49 | Create | Skirmisher |
| 13:01 | Build | Archery Range |
| 13:33 | Create | Villager (Male) |
| 13:37 | Create | Skirmisher |
| 13:40 | Build | Palisade Wall |
| 13:47 | Create | Villager (Male) |
| 13:53 | Build | Mining Camp |
| 14:01 | Create | Villager (Male) |
| 14:11 | Create | Villager (Male) |
| 14:16 | Build | House |
| 14:22 | Build | Blacksmith |
| 14:35 | Create | Skirmisher |
| 14:35 | Create | Skirmisher |
| 14:38 | Create | Villager (Male) |
| 14:40 | Research | Double-Bit Axe |
| 14:40 | Research | Double-Bit Axe |
| 14:49 | Create | Villager (Male) |
| 14:55 | Build | House |
| 14:58 | Build | House |
| 15:10 | Create | Archer |
| 15:10 | Create | Archer |
| 15:25 | Build | Watch Tower |
| 15:53 | Build | House |
| 15:58 | Create | Villager (Male) |
| 15:58 | Create | Villager (Male) |
| 15:58 | Create | Villager (Male) |
| 15:58 | Create | Villager (Male) |
| 16:21 | Create | Villager (Male) |
| 16:21 | Create | Villager (Male) |
| 16:21 | Create | Villager (Male) |
| 16:21 | Create | Villager (Male) |
| 16:22 | Create | Villager (Male) |
| 16:40 | Build | Lumber Camp |
| 16:44 | Create | Archer |
| 16:44 | Create | Archer |
| 16:44 | Create | Archer |
| 17:08 | Build | House |
| 17:10 | Build | House |
| 17:12 | Build | Palisade Wall |
| 17:47 | Create | Villager (Male) |
| 17:48 | Create | Villager (Male) |
| 17:48 | Create | Villager (Male) |
| 17:48 | Create | Villager (Male) |
| 18:16 | Build | Mining Camp |
| 18:47 | Create | Skirmisher |
| 18:47 | Create | Skirmisher |
| 18:47 | Create | Skirmisher |
| 18:47 | Create | Skirmisher |
| 18:50 | Build | Farm |
| 18:50 | Build | Farm |
| 18:51 | Build | Farm |
| 18:51 | Build | Farm |
| 19:03 | Build | Palisade Wall |
| 19:32 | Create | Villager (Male) |
| 19:33 | Create | Villager (Male) |
| 20:13 | Build | House |
| 20:19 | Build | Palisade Wall |
| 20:34 | Create | Skirmisher |
| 20:34 | Create | Skirmisher |
| 20:34 | Create | Skirmisher |
| 20:35 | Create | Skirmisher |
| 20:38 | Build | House |
| 20:40 | Build | House |
| 20:44 | Build | House |
| 20:46 | Build | House |
| 21:30 | Build | Watch Tower |
| 21:47 | Create | Villager (Male) |
| 21:47 | Create | Villager (Male) |
| 21:48 | Create | Villager (Male) |
| 22:22 | Create | Skirmisher |
| 22:22 | Create | Skirmisher |
| 22:22 | Create | Skirmisher |
Match timeline
| 4:58 | sT_K'cifer! · first_building Barracks |
| 5:43 | K-TO · wall_segment Palisade Wall x11 |
| 5:44 | sintopares · first_building Barracks |
| 5:54 | sT_K'cifer! · wall_segment Palisade Wall x5 |
| 6:37 | K-TO · first_building Barracks |
| 6:59 | JAOK1987 · wall_segment Palisade Wall x1 |
| 7:00 | JAOK1987 · wall_segment Palisade Wall x1 |
| 7:43 | sT_K'cifer! · wall_segment Palisade Wall x1 |
| 7:47 | JAOK1987 · first_building Barracks |
| 7:50 | sT_K'cifer! · wall_segment Palisade Wall x4 |
| 7:51 | sT_K'cifer! · wall_segment Palisade Wall x1 |
| 7:53 | sT_K'cifer! · wall_segment Palisade Wall x1 |
| 8:08 | sT_LaCulebra. · wall_segment Palisade Wall x4 |
| 8:10 | sT_LaCulebra. · wall_segment Palisade Wall x6 |
| 8:21 | sT_LaCulebra. · wall_segment Palisade Wall x16 |
| 8:24 | Sirwilliam · first_building Barracks |
| 8:34 | K-TO · wall_segment Palisade Wall x4 |
| 8:39 | JAOK1987 · wall_segment Palisade Wall x11 |
| 8:41 | sT_LaCulebra. · wall_segment Palisade Wall x21 |
| 8:43 | K-TO · wall_segment Palisade Wall x7 |
| 8:46 | sT_LaCulebra. · wall_segment Palisade Wall x15 |
| 8:56 | Sr. Manco · first_building Barracks |
| 8:57 | Rammanuyan · first_building Barracks |
| 9:02 | K-TO · wall_segment Palisade Wall x1 |
| 9:04 | K-TO · wall_segment Palisade Wall x1 |
| 9:17 | K-TO · wall_segment Palisade Wall x4 |
| 9:18 | JAOK1987 · wall_segment Palisade Wall x1 |
| 9:25 | JAOK1987 · wall_segment Palisade Wall x6 |
| 9:26 | JAOK1987 · wall_segment Palisade Wall x1 |
| 9:57 | Rammanuyan · age_up feudal |
| 10:02 | Rammanuyan · first_building Archery Range |
| 10:03 | Sirwilliam · age_up feudal |
| 10:07 | JAOK1987 · age_up feudal |
| 10:18 | JAOK1987 · first_building Archery Range |
| 10:24 | sintopares · age_up feudal |
| 10:25 | K-TO · age_up feudal |
| 10:27 | K-TO · first_building Stable |
| 10:40 | Sr. Manco · age_up feudal |
| 10:41 | K-TO · wall_segment Palisade Wall x13 |
| 10:50 | JAOK1987 · wall_segment Palisade Wall x1 |
| 10:51 | JAOK1987 · wall_segment Palisade Wall x1 |
| 10:57 | Rammanuyan · wall_segment Palisade Wall x1 |
| 10:57 | sT_LaCulebra. · age_up feudal |
| 11:14 | Sr. Manco · first_building Archery Range |
| 11:23 | sT_LaCulebra. · wall_segment Palisade Wall x1 |
| 11:25 | Sr. Manco · wall_segment Palisade Wall x1 |
| 11:32 | sT_K'cifer! · age_up feudal |
| 11:32 | Sirwilliam · wall_segment Palisade Wall x11 |
| 11:37 | Rammanuyan · wall_segment Palisade Wall x1 |
| 11:45 | sT_K'cifer! · first_building Archery Range |
| 12:05 | Rammanuyan · wall_segment Palisade Wall x7 |
| 12:10 | Rammanuyan · wall_segment Palisade Wall x9 |
| 12:42 | JAOK1987 · wall_segment Palisade Wall x9 |
| 12:44 | Sr. Manco · wall_segment Palisade Wall x8 |
| 12:45 | JAOK1987 · wall_segment Palisade Wall x8 |
| 12:56 | sT_LaCulebra. · wall_segment Palisade Wall x1 |
| 13:10 | sT_LaCulebra. · first_market_sell 100 stone |
| 13:25 | Sirwilliam · wall_segment Palisade Wall x7 |
| 13:33 | Sr. Manco · wall_segment Palisade Wall x1 |
| 13:40 | sT_K'cifer! · wall_segment Palisade Wall x1 |
| 13:41 | K-TO · wall_segment Palisade Wall x11 |
| 13:57 | sintopares · first_building Stable |
| 14:22 | Rammanuyan · wall_segment Palisade Wall x1 |
| 14:31 | sT_LaCulebra. · first_building Barracks |
| 14:50 | Sirwilliam · wall_segment Palisade Wall x10 |
| 14:54 | Sirwilliam · wall_segment Palisade Wall x5 |
| 16:00 | sT_LaCulebra. · age_up castle |
| 16:36 | Rammanuyan · wall_segment Palisade Wall x5 |
| 16:38 | Rammanuyan · wall_segment Palisade Wall x10 |
| 16:55 | sintopares · wall_segment Palisade Wall x7 |
| 16:59 | sintopares · wall_segment Palisade Wall x4 |
| 17:12 | sT_K'cifer! · wall_segment Palisade Wall x1 |
| 17:38 | sintopares · wall_segment Palisade Wall x3 |
| 17:49 | Sirwilliam · wall_segment Palisade Wall x1 |
| 19:03 | sT_K'cifer! · wall_segment Palisade Wall x1 |
| 19:23 | K-TO · wall_segment Stone Wall x12 |
| 20:03 | sintopares · age_up castle |
| 20:19 | sT_K'cifer! · wall_segment Palisade Wall x1 |
| 20:39 | K-TO · wall_segment Palisade Wall x1 |
| 21:13 | sintopares · wall_segment Palisade Wall x8 |
| 21:13 | Sr. Manco · first_market_sell 100 wood |
| 21:18 | JAOK1987 · first_market_sell 100 wood |
| 21:20 | JAOK1987 · first_market_buy 100 food |
| 21:23 | K-TO · first_building Archery Range |
| 21:50 | JAOK1987 · first_building Stable |
| 22:21 | Sr. Manco · first_market_buy 100 food |
| 23:10 | Sr. Manco · first_building Stable |
| 23:33 | Sirwilliam · first_market_sell 100 wood |
| 23:35 | Sirwilliam · first_market_buy 100 food |
| 24:06 | JAOK1987 · age_up castle |
| 25:22 | JAOK1987 · first_building Castle |
| 25:35 | Sr. Manco · age_up castle |
| 25:44 | Sr. Manco · first_building Monastery |
| 25:50 | Rammanuyan · first_market_sell 100 wood |
| 25:51 | Rammanuyan · first_market_buy 100 stone |
| 25:59 | Rammanuyan · wall_segment Palisade Wall x2 |
| 26:00 | Rammanuyan · wall_segment Palisade Wall x4 |
| 26:01 | K-TO · first_market_buy 100 food |
| 26:11 | Rammanuyan · age_up castle |
| 26:13 | Rammanuyan · first_building Castle |
| 26:27 | Sirwilliam · age_up castle |
| 26:43 | sintopares · first_building Siege Workshop |
| 27:02 | sT_K'cifer! · wall_segment Stone Wall x4 |
| 27:04 | sT_K'cifer! · wall_segment Stone Wall x5 |
| 27:28 | Sirwilliam · first_building Castle |
| 27:39 | sT_LaCulebra. · first_market_buy 100 stone |
| 27:53 | sT_LaCulebra. · first_building Castle |
| 28:36 | sT_K'cifer! · wall_segment Palisade Wall x6 |
| 29:41 | Sirwilliam · tribute_sent a jugador 1 |
| 29:41 | Sirwilliam · tribute_sent a jugador 2 |
| 29:41 | Sirwilliam · tribute_sent a jugador 4 |
| 29:41 | Sirwilliam · tribute_sent a jugador 5 |
| 29:41 | Sirwilliam · tribute_sent a jugador 6 |
| 29:41 | Sirwilliam · tribute_sent a jugador 7 |
| 29:41 | Sirwilliam · tribute_sent a jugador 8 |
| 30:01 | sT_K'cifer! · first_market_buy 100 food |
| 30:20 | sT_LaCulebra. · first_building Siege Workshop |
| 31:31 | K-TO · age_up castle |
| 32:03 | JAOK1987 · first_building Siege Workshop |
| 32:48 | sintopares · first_building Castle |
| 33:20 | sT_K'cifer! · age_up castle |
| 33:40 | Sr. Manco · first_building Siege Workshop |
| 34:35 | Rammanuyan · first_building Siege Workshop |
| 35:15 | sT_K'cifer! · first_building Castle |
| 36:17 | Sr. Manco · first_building Castle |
| 38:16 | sintopares · age_up imperial |
| 38:33 | K-TO · first_building Castle |
| 39:31 | sintopares · first_building Archery Range |
| 39:41 | K-TO · wall_segment Stone Wall x13 |
| 40:18 | K-TO · wall_segment Stone Wall x3 |
| 40:35 | K-TO · wall_segment Stone Wall x9 |
| 41:38 | K-TO · first_building Siege Workshop |
| 42:44 | K-TO · wall_segment Stone Wall x1 |
| 42:58 | K-TO · resign |
| 44:04 | Rammanuyan · age_up imperial |
| 45:00 | Sirwilliam · age_up imperial |
[ AI ANALYSIS · 1 CREDIT ]
What really happened in this match?
Wolo.gg analyzes every decision: build order, eco, micro, common mistakes by bracket. Personalized analysis on WhatsApp or Discord in 30 seconds.
Civ guide
Byzantines
Perfil
Jugador #21202432